Map: Odyssey LE

Players

Yata

  • Race: Zerg Zerg
  • League: Bronze
  • Spawn Location: 5:00

Whistler - Winner!

  • Race: Zerg Zerg
  • League: Silver
  • Spawn Location: 11:00

VOD

Have the link to the VOD?

Description

Time

  • Played on: July 7, 2017, 6:56 p.m.
  • Length: 4:42
Show
View Real Time Build Order
Export as new Build Order

Yata Zerg 

Build Orders: Hatch First 

Get SALT Encoding   

  12  0:01  Drone  
  13  0:08  Drone  
  14  0:16  Overlord  
  14  0:35  Drone x3  
  17  0:57  Drone  
  17  1:01  Hatchery  
  17  1:06  Drone  
  17  1:08  Extractor  
  17  1:19  Spawning Pool  
  16  1:47  Drone x3  
  19  1:59  Overlord  
  19  2:06  Queen  
  21  2:14  Zergling x4  
  23  2:21  Queen  
  25  2:53  Drone x6  
  31  3:08  Drone  
  31  3:09  Drone  
  33  3:18  Drone x2  
  35  3:27  Zergling x2  
  36  3:28  Overlord x3  
  36  3:39  Spine Crawler  
  34  3:44  Spine Crawler  
  33  4:01  Zergling x2  
  33  4:02  Zergling x10  
  29  4:10  Roach Warren  
Show
View Real Time Build Order
Export as new Build Order

Whistler Zerg - Winner!

Build Orders: Pool First 

Get SALT Encoding   

  12  0:01  Drone  
  13  0:17  Drone  
  13  0:19  Overlord  
  14  0:38  Drone x2  
  14  0:40  Drone  
  17  0:52  Drone  
  18  0:58  Extractor  
  18  1:02  Drone  
  18  1:03  Spawning Pool  
  17  1:17  Drone  
  18  1:37  Hatchery, Drone x2  
  19  1:50  Queen  
  19  1:52  Zergling x2  
  22  2:01  Overlord  
  22  2:11  Metabolic Boost  
  22  2:22  Zergling x4  
  24  2:41  Drone x2  
  25  2:48  Queen  
  25  2:50  Zergling x4  
  29  3:02  Zergling x4  
  29  3:03  Zergling x6  
  34  3:20  Baneling Nest  
  34  3:24  Queen  
  35  3:28  Overlord x2, Drone  
  35  4:01  Overlord  
  34  4:04  Drone  
  34  4:05  Drone x5  
  34  4:09  Zergling x2, Drone x4  
  45  4:17  Baneling x4  
  45  4:25  Zergling x4  
Tags
 
Matchup
ZvZ
Race
Zerg
Replay Pack
Pack 1
Spawn Locations
Cross Positions
Add a new tag
Caveats
  • Supply blocks, unpowered buildings, or Contaminate may cause inaccurate times.
  • Supply counts are checked every 10 seconds.